Cogmind - Beta 15 @@@ ROGUE MODE // 2025.07.28 @ 00:24:11 Player: Solshine Result: Destroyed by MO-OIH(j) with Overtuned Pulse Rifle Performance ------------- Evolutions (0) 0 Regions Visited (3) 600 Robots Destroyed (9) 45 Value Destroyed (266) 266 Prototype IDs (6) 120 Alien Tech Used (0) 0 Bonus (800) 800 TOTAL SCORE: 1831 Bonus ------- Registered with UFD 300 Met Optimus in HQ 500 Cogmind --------- Core Integrity 0/250 Matter 264/300 Energy 223/275 System Corruption 0% Temperature Danger (482) Movement Walking (190) Ox1 Location -9/Scraptown Parts ------- > --- POWER (1) -------- Deuterium Engine > --- PROPULSION (2) --- Aluminum Leg Aluminum Leg > --- UTILITY (2) ------ Small Storage Unit Visual Processing Unit > --- WEAPON (2) ------- Plasma Cannon Makeshift Shrapnel Gun > --- INVENTORY (8) ---- Light Ion Engine Light Treads Aluminum Leg Improved Terrain Scanner Peak State ------------ > --- POWER ------------ Deuterium Engine > --- PROPULSION ------- Aluminum Leg Aluminum Leg > --- UTILITY ---------- Small Storage Unit Seismic Detector > --- WEAPON ----------- Makeshift Shrapnel Gun Coil Gun > --- INVENTORY -------- Light Ion Engine Light Treads Aluminum Leg Visual Processing Unit Improved Terrain Scanner Plasma Cannon Flamer [Rating: 17] Favorites ----------- Power Light Ion Engine Engine Light Ion Engine Propulsion Aluminum Leg Leg Aluminum Leg Utility Small Storage Unit Device Seismic Detector Storage Small Storage Unit Processor Visual Processing Unit Weapon Makeshift Shrapnel Gun Energy Gun EM Pulse Gun Energy Cannon Plasma Cannon Ballistic Gun Makeshift Shrapnel Gun Special Weapon Flamer Build | -11 -10 -10 -9 ------- Run | Yrd Mat Sub Scr Slots Evolved . | . . . . Power . | . . . . Propulsion . | . . . . Utility . | . . . . Weapon . | . . . . Parts Attached 14 | 8 . 2 4 Power 2 | 1 . . 1 Engine 2 | 1 . . 1 Core . | . . . . Reactor . | . . . . Propulsion 2 | 2 . . . Treads . | . . . . Leg 2 | 2 . . . Wheel . | . . . . Hover . | . . . . Flight . | . . . . Utility 4 | 3 . . 1 Device 2 | 2 . . . Storage 1 | 1 . . . Processor 1 | . . . 1 Hackware . | . . . . Protection . | . . . . Artifact . | . . . . Weapon 6 | 2 . 2 2 Energy Gun 1 | 1 . . . Energy Cannon 1 | . . . 1 Ballistic Gun 3 | 1 . 1 1 Ballistic Cannon . | . . . . Launcher . | . . . . Special Weapon 1 | . . 1 . Impact Weapon . | . . . . Slashing Weapon . | . . . . Piercing Weapon . | . . . . Special Melee Weapon . | . . . . Unidentified Prototypes . | . . . . Parts Lost 4 | . . . 4 Power 1 | . . . 1 Propulsion . | . . . . Utility 1 | . . . 1 Weapon 2 | . . . 2 Highest Loss Streak 3 | . . . 3 To Critical Strikes . | . . . . Average Backups 7 | 4 7 7 7 Power 1 | 1 3 2 1 Propulsion 1 | 1 2 2 2 Utility 1 | . 1 2 2 Weapon 1 | 1 1 1 1 Tool/Special . | . . . . Unused Backups 9 | . 2 1 6 Power 3 | . . 1 2 Propulsion 4 | . 2 . 2 Utility . | . . . . Weapon 2 | . . . 2 Tool/Special . | . . . . Average Slot Usage (%) 99 | . 100 100 99 Engine 14 | . 14 14 14 Leg 28 | . 28 28 28 Device 13 | . 14 14 13 Storage 14 | . 14 14 14 Energy Gun 2 | . 14 10 . Energy Cannon 9 | . . . 12 Ballistic Gun 12 | . 14 4 13 Special Weapon 3 | . . 13 2 Peak Build Rating 17 | 9 8 12 17 Average Rating 12 | 5 7 9 13 On Entrance 6 | . 7 8 12 Naked Turns . | . . . . Heaviest Build 27 | 12 12 13 27 Greatest Support 20 | 20 20 20 20 Greatest Overweight (x) 1 | . . . 1 Average Overweight (x) . | . . . . Largest Inventory Capacity 8 | 8 8 8 8 Average Capacity 7 | 7 8 8 8 Most Carried 8 | 8 8 8 8 Average Carried 7 | 4 7 7 7 Final Capacity 8 | 8 8 8 8 Final Carried 8 | 7 8 8 4 Class Distribution -------------------- 100% | Mutant Dominant Class ---------------- Mutant | -10/Materials Mutant | -10/Subcaves Mutant | -9/Scraptown Resources | -11 -10 -10 -9 ----------- Run | Yrd Mat Sub Scr Matter Collected 385 | 285 4 10 86 Remotely . | . . . . Salvage Created 363 | 66 121 . 176 Parts 21 | 8 6 . 7 Haulers Intercepted . | . . . . Recyclers Shooed . | . . . . Parts Field Recycled . | . . . . Retrieved Matter . | . . . . Parts Self-Destructed 7 | . . 7 . Prevented . | . . . . Kills | -11 -10 -10 -9 ------- Run | Yrd Mat Sub Scr Combat Hostiles Destroyed 5 | . 2 . 3 Guns 2 | . 1 . 1 Cannons 1 | . . . 1 AOE 1 | . 1 . . Classes Destroyed 5 | 1 2 . 2 Tunneler 3 | 3 . . . Watcher 1 | . 1 . . Grunt 2 | . 2 . . Guru 1 | . . . 1 Scrapper 2 | . . . 2 Best Kill Streak 2 | 2 1 . 2 Combat Bots Only 2 | . 1 . 2 Max Kills in Single Turn 1 | 1 1 . 1 Gunslinging . | . . . . Exploded 1 | . 1 . . Melee . | . . . . Uniques/NPCs Destroyed . | . . . . Combat | -11 -10 -10 -9 -------- Run | Yrd Mat Sub Scr Hostile Shots Fired 44 | . 3 . 41 Missed 12 | . . . 12 Hits 32 | . 3 . 29 Projectile 32 | . 3 . 29 Critical Strikes 2 | . . . 2 Damage Taken 657 | . 81 . 576 Core 260 | . 64 . 196 Absorbed by Shields . | . . . . Core Remaining (%) 100 | 100 . . . Volleys Fired 22 | 5 4 . 13 Largest 2 | 2 2 . 2 Hottest 180 | 60 60 . 180 Shots Fired 43 | 9 8 . 26 Gun 28 | 9 8 . 11 Cannon 13 | . . . 13 Launcher . | . . . . Special 2 | . . . 2 Kinetic 20 | 5 4 . 11 Thermal 15 | . . . 15 Explosive . | . . . . Electromagnetic 8 | 4 4 . . Robot Hit Streak 7 | 3 7 . 5 Robot Miss Streak 2 | 1 1 . 2 Penetration Max . | . . . . Secondary Targets . | . . . . Shots Hit Robots 30 | 6 6 . 18 Core Hits 12 | 3 5 . 4 Critical Kills 1 | . . . 1 Critical Parts Destroyed . | . . . . Critical Strikes 1 | . . . 1 Meltdown 1 | . . . 1 Melee Attacks . | . . . . Impact . | . . . . Slashing . | . . . . Piercing . | . . . . Sneak Attacks . | . . . . Combat Hostiles . | . . . . Follow-up Attacks . | . . . . Damage Inflicted 584 | 76 125 . 383 Guns 299 | 76 79 . 144 Cannons 227 | . . . 227 Explosions 46 | . 46 . . Melee . | . . . . Ramming . | . . . . Kinetic 180 | 18 18 . 144 Thermal 285 | . 46 . 239 Explosive . | . . . . Electromagnetic 119 | 58 61 . . Impact . | . . . . Slashing . | . . . . Piercing . | . . . . Highest Corruption . | . . . . Average Corruption . | . . . . Corruption Purged . | . . . . Corruption Blocked . | . . . . Overload Shots . | . . . . Overflow Damage . | . . . . Projectiles . | . . . . Explosions . | . . . . Melee . | . . . . Knockbacks . | . . . . Impact . | . . . . Kinetic . | . . . . Secondary . | . . . . Self-Inflicted Damage 38 | . 38 . . Shots 1 | . 1 . . Rammed . | . . . . Targets Rammed . | . . . . Kicked . | . . . . Crushed . | . . . . Highest Temperature 474 | 40 38 . 474 Average Temperature 144 | 18 20 . 185 Received Heat Transfer 374 | . 24 . 350 Effects 4 | . . . 4 Shutdowns 1 | . . . 1 Energy Bleed 2 | . . . 2 Damage (minor) 1 | . . . 1 Siege Activations . | . . . . Martial Activations . | . . . . Shielding Activations . | . . . . Robots Disrupted . | . . . . Combat Hostiles . | . . . . Robots Corrupted . | . . . . Combat Hostiles . | . . . . Parts Fried . | . . . . Impact Corruptions . | . . . . Robots Melted 1 | . . . 1 Combat Hostiles 1 | . . . 1 Parts Melted 5 | . . . 5 Heat Transferred 446 | . 50 . 396 Parts Sabotaged . | . . . . Parts Stolen . | . . . . Parts Stripped . | . . . . Power Chain Reactions 1 | . 1 . . Alert | -11 -10 -10 -9 ------- Run | Yrd Mat Sub Scr Maximum Alert Level . | . . . . Low Security (%) 100 | 100 100 . . Level 1 . | . . . . Level 2 . | . . . . Level 3 . | . . . . Level 4 . | . . . . Level 5 . | . . . . High Security . | . . . . Max Security . | . . . . Peak Influence 73 | 10 73 . . Initial . | . . . . Average 20 | . 34 . . Influence Increases 116 | 15 101 . . Destroy 0b10 Robot/C 40 | . 40 . . Destroy 0b10 Robot/NC 20 | 15 5 . . Destroy Leader 12 | . 12 . . Successful Hack 11 | . 11 . . Disable Machine 15 | . 15 . . Destroy Structure 3 | . 3 . . Lose Combat Pursuer 15 | . 15 . . Influence Decreases 116 | 15 70 31 . Entered New Map 15 | . . 15 . Time Decay 101 | 15 70 16 . Squads Dispatched . | . . . . Investigation . | . . . . Extermination . | . . . . Reinforcement . | . . . . Assault . | . . . . Garrison . | . . . . Intercept . | . . . . Searches Triggered . | . . . . Construction Impeded . | . . . . Haulers Reinforced . | . . . . Active Scanning Responses . | . . . . Cargo Convoy Interrupts . | . . . . Stealth | -11 -10 -10 -9 --------- Run | Yrd Mat Sub Scr Distress Signals . | . . . . Communications Jammed . | . . . . Distress Signals . | . . . . Times Spotted 12 | . 4 . 8 Peak Tracking Total 3 | . 2 . 3 Tactical Retreats 1 | . 1 . . Traps | -11 -10 -10 -9 ------- Run | Yrd Mat Sub Scr Traps Triggered . | . . . . Indirectly . | . . . . Trap Hack Attempts . | . . . . Triggered . | . . . . Disarmed . | . . . . Reprogrammed . | . . . . Reused . | . . . . Traps Extracted . | . . . . Installed . | . . . . Triggered . | . . . . Machines | -11 -10 -10 -9 ---------- Run | Yrd Mat Sub Scr Machines Disabled 2 | . 1 . 1 Max in Single Turn 1 | . 1 . 1 Machines Repaired . | . . . . Machines Dismantled . | . . . . Machines Sabotaged . | . . . . Overloaded Fab Kills . | . . . . Hacking | -11 -10 -10 -9 --------- Run | Yrd Mat Sub Scr Machines Accessed 7 | . 3 . 4 Terminals 2 | . 2 . . Fabricators . | . . . . Repair Stations . | . . . . Recycling Units 1 | . 1 . . Scanalyzers . | . . . . Garrison Access . | . . . . Total Hacks 25 | . 8 . 17 Successful 22 | . 5 . 17 Failed 3 | . 3 . . Catastrophic . | . . . . Database Lockouts . | . . . . Manual . | . . . . Terminals 6 | . 6 . . Fabricators . | . . . . Repair Stations . | . . . . Recycling Units 2 | . 2 . . Scanalyzers . | . . . . Garrison Access . | . . . . Terminal Hacks 20 | . 3 . 17 Record 18 | . 1 . 17 Emergency Access Points 1 | . 1 . . Transport Status 1 | . 1 . . Fabricator Hacks . | . . . . Repair Station Hacks . | . . . . Recycling Unit Hacks 2 | . 2 . . Recycle Component 1 | . 1 . . Report Inventory 1 | . 1 . . Scanalyzer . | . . . . Garrison Access Hacks . | . . . . Unauthorized Hacks . | . . . . Terminals . | . . . . Fabricators . | . . . . Repair Stations . | . . . . Recycling Units . | . . . . Scanalyzers . | . . . . Garrison Access . | . . . . Data Cores Recovered . | . . . . Used . | . . . . Hacking Detections 3 | . 3 . . Full Trace Events . | . . . . Feedback Events . | . . . . Feedback Blocked . | . . . . Robot Schematics Acquired . | . . . . Robots Built . | . . . . Authchips . | . . . . Time . | . . . . Total Robot Build Rating . | . . . . Part Schematics Acquired . | . . . . Parts Built . | . . . . Authchips . | . . . . Time . | . . . . Total Part Build Rating . | . . . . Parts Repaired . | . . . . Time . | . . . . Parts Recycled 1 | . 1 . . Recycled Matter . | . . . . Retrieved Matter . | . . . . Retrieved Components . | . . . . Parts Scanalyzed . | . . . . Part Schematics Acquired . | . . . . Parts Damaged . | . . . . Bothacking | -11 -10 -10 -9 ------------ Run | Yrd Mat Sub Scr Used RIF Installer . | . . . . Robots Hacked . | . . . . Non-combat . | . . . . Combat . | . . . . Robot Hacks Applied . | . . . . Relay Couplers Released . | . . . . Fabnet Peak Effective % . | . . . . Robots Rewired . | . . . . Allies Hacked . | . . . . Hacks Repelled . | . . . . Allies | -11 -10 -10 -9 -------- Run | Yrd Mat Sub Scr Total Allies . | . . . . Largest Group . | . . . . Highest-Rated Group . | . . . . Highest-Rated Ally . | . . . . Total Orders . | . . . . Ally Attacks . | . . . . Total Damage . | . . . . Kills . | . . . . Allies Corrupted . | . . . . Allies Melted 2 | . . . 2 Intel | -11 -10 -10 -9 ------- Run | Yrd Mat Sub Scr Active Infowar (turns) 2351 | 34 193 320 1804 Optics 7 | . . . 7 Terrain 18 | 18 . . . Seismic 2326 | 16 193 320 1797 Robot Analysis Total . | . . . . Derelict Logs Recovered . | . . . . Drone Launches . | . . . . Drone Recoveries . | . . . . Exploration | -11 -10 -10 -9 ------------- Run | Yrd Mat Sub Scr Turns Passed 2449 | 128 193 320 1808 Spaces Moved 1870 | 85 120 257 1408 Core 13 | 13 . . . Treads . | . . . . Legs 1857 | 72 120 257 1408 Wheels . | . . . . Hover . | . . . . Flight . | . . . . Fastest Speed 50 | 50 120 120 120 Average Speed 122 | 109 120 120 123 Slowest Speed 190 | 120 120 120 190 Overloaded Moves . | . . . . Propulsion Burnouts . | . . . . Robots Hopped . | . . . . Potential Cave-ins . | . . . . Cave-ins Triggered . | . . . . Exploration Rate (%) 34 | 5 23 26 82 Regions Visited 3 Branch Regions 2 Pre-discovered Areas . | . . . . Known Exits Taken . | . . . . Unknown Exits Taken 3 | 1 1 1 . Scrap Searched 1 | . . . 1 Spaces Dug . | . . . . Terrain Destroyed 6 | . 2 . 4 Melee . | . . . . Projectile 4 | . . . 4 AOE 2 | . 2 . . Terrain Rammed . | . . . . Walls Destroyed . | . . . . Machines Disabled . | . . . . Actions | -11 -10 -10 -9 --------- Run | Yrd Mat Sub Scr Total 1993 | 112 162 270 1449 Wait 51 | . 35 2 14 Move 1867 | 84 119 256 1408 Hop . | . . . . Pick Up 25 | 14 3 5 3 Fast Attach . | . . . . Attach 13 | 8 . 1 4 Detach 1 | 1 . . . Swap 5 | . . 1 4 Drop 9 | . 1 5 3 Fire 22 | 5 4 . 13 Melee . | . . . . Ram . | . . . . Kick . | . . . . Crush . | . . . . Escape Stasis . | . . . . Rewire . | . . . . Trap . | . . . . Miscellaneous . | . . . . Route ------- -11/Scrapyard -10/Materials (discovered 2 exits: [*Min] / [*Sub]) -10/Subcaves (discovered 2 exits: [*Mat] / *Scr) -9/Scraptown (discovered 1 exit: [*Fac]) History --------- Turn | Location | Event 12 | -11/Scrapyard | Discovered new exit (range 16) 129 | -11/Scrapyard | Entered Materials 271 | -10/Materials | Discovered new exit (range 6) 308 | -10/Materials | Build established: Mutant 314 | -10/Materials | Discovered new exit (range 6) 322 | -10/Materials | Entered Subcaves 323 | -10/Subcaves | Approached by a straggling Scientist 324 | -10/Subcaves | Shifting Twisted Machinery released Flamer 541 | -10/Subcaves | Shifting Twisted Machinery released Mak. Shrapnel Gun 573 | -10/Subcaves | Shifting Twisted Machinery released Battle Rifle 575 | -10/Subcaves | Discovered new exit (range 9) 630 | -10/Subcaves | Scientist uncovered a shortcut to Scraptown 642 | -10/Subcaves | Entered Scraptown 1117 | -9/Scraptown | Discovered new exit (range 11) 1246 | -9/Scraptown | Visited Assassins FH 1292 | -9/Scraptown | Visited Shadow of the Wyrm 1318 | -9/Scraptown | Heard Great Nut preacher, LISTEN AND RECITE! 1328 | -9/Scraptown | Visited UFD Registry 1328 | -9/Scraptown | Registered with UFD as "Zerowalker" 1371 | -9/Scraptown | Visited IN-MT5's Study 1434 | -9/Scraptown | Visited TADAMA 1473 | -9/Scraptown | Visited Comm Corps 1734 | -9/Scraptown | Visited Junk Repository 1780 | -9/Scraptown | Visited Scrapoid Research Area 1835 | -9/Scraptown | Visited Scrapoid Pod Storage 1856 | -9/Scraptown | Visited Cartography Club 2012 | -9/Scraptown | Visited Infowarlord's Domain 2051 | -9/Scraptown | Visited Scrap Suit Storage 2132 | -9/Scraptown | Met Optimus 2132 | -9/Scraptown | Accepted into 0bPrime 2237 | -9/Scraptown | Civil war broke out across Scraptown 2275 | -9/Scraptown | Core integrity fell below 50% 2349 | -9/Scraptown | Optimus destroyed in the chaos of civil war 2443 | -9/Scraptown | Core integrity fell below 20% 2450 | -9/Scraptown | Destroyed by MO-OIH(j) with Overtuned Pulse Rifle Last Messages --------------- NI-FHE(j) destroyed. Overheating: Energy bleed (-23). Acquired 55 matter. Acquired 6 matter. ANNOUNCEMENT: The traitor Optimus has been dealt with. Put down any remaining collaborators. Supplies damaged. L6-K3H(g): "I'll admit this is sort of exciting." UFD Mainframe disabled. Slug penetrates MO-OIH(j). Slug penetrates Wall. Slug penetrates MO-OIH(j). Critical hit (Burn: +50). Overheating: Energy bleed (-27). Coil Gun destroyed. Seismic Detector destroyed. Overheating: Plasma Cannon damaged (-1). Flamer destroyed. Power failure, Deuterium Engine shutdown. Map ----- +----------------------------------------------------+ | | | | | #""""#" | | #????#" | | #????#"""""" """"""""""" """""" | | ## ########## ####??????##### #????###### #????# | | # #??????????????? ?????????? ?????? | | " "# #????????????????????????????????? | | " ######" "# #????????????????????????????????? | | " "#""" # "# #????????????????????????????????? | | " "# ?#" "# #????????????????????????????????? | | " # "?#" "# #????????????????????????????????? | | " ##+###" "# #????????????????????????????????? | | " "# #????????????????????????????????? | | """"""""""""# #????????????????????????????????? | | ############# #????????????????????????????????? | | ????????????# #????????????????????????????????? | | ?############ #????????????????????????????????? | | ?#""""""""""" #????####################?######## | | ?#""""" """"" #????# ##"""##"""##"""##"" | | ##"""" " "" #????# """"""" ## ""##|" ##" "#" " | | #????# """"""" =%[ | | ##"" "" "" " #????# """"""" ! [ | | ?#""""""""""" #????# """"""" | | ?#""""""""""" #????# """""g##""""#"""#""" ##"| | | ?############ #????# j @ ##"""##"""##"""##"" | | ############# #????############################# | | #"""""""""""# #????????????????????????????????? | | #""![]! [[ "# #????????????????????????????????? | | #"" ]!= "# #????????????????????????????????? | | #"" "# #????????????????????????????????? | | #""" """""""# #????????????????????????????????? | | #????????????????????????????????? | | * #????????????????????????????????? | | """##""" """#####????????????????????????????????? | | |"##"" "#????????????????????????????????????? | | ""##"" "#????????????????????????????????????? | | ""##" "#????????????????????????????????????? | | "#????????????????????????????????????? | | """##"""""""#????????????????????????????????????? | | #############????????????????????????????????????? | | | | | | | | | | | | | | | | | | | +----------------------------------------------------+ Best States ------------- Heat Dissipation 25 Energy Generation 14 Energy Capacity 275 Matter Stores 300 Matter Capacity 300 Sight Range 18 Terrain Scan Range 16 Terrain Scan Density 10 Evasion (%) 55 Item Schematics ----------------- None Robot Schematics ------------------ None Fabricated ------------ Nothing Repaired ---------- Nothing Alien Tech Used ----------------- None Achievements -------------- None Challenges ------------ None Game ------ Seed ProcessingFactoryCutter Manual? 0 Play Time 00:33:21 Cumulative 7.0 hours Start 2025.07.27 @ 23:47:47 End 2025.07.28 @ 00:24:11 Sessions 1 Manual Loads 0 Difficulty Rogue Special Mode None Game No. 15 Rogue 15 Adventurer 0 Explorer 0 Win Type - Total 0 Types 0/0/0/0/0/0/0/0/0/0 Lore% 8 Gallery% 9 Achievement% 10 Wizard Run 0 Options --------- Layout 1 ASCII 0 Keyboard 0 Movement Numpad Keybinds 0 Fullscreen 1 Font 24/Smallcaps Map View 50x35 Zoom Use 0% Tactical HUD 0 Map Filters NONE Filters NONE Steam 1 RUN: 7eb8db4e-ce51-4e63-8331-8d520e608d4c